 Dungeon Crawl Stone Soup version 0.24.0-28-g17ded55e90 (webtiles) character file.

Game seed: 2259720746122931839, levelgen mode: deterministic

123 Delamore the Chopper (level 5, -4/45 HPs)
             Began as a Hill Orc Monk on Nov 11, 2019.
             Slain by a gnoll
             ... wielding a +0 whip
              (6 damage)
             ... on level 2 of the Dungeon.
             The game lasted 00:03:51 (3023 turns).

Delamore the Chopper (Hill Orc Monk)                Turns: 3023, Time: 00:03:51

Health: -4/45      AC:  3    Str: 15    XL:     5   Next: 7%
Magic:  5/5        EV: 13    Int: 10    God:
Gold:   134        SH:  0    Dex: 13    Spells: 4/4 levels left

rFire    . . .     SeeInvis .   a - +0 hand axe
rCold    . . .     Gourm    .   (no shield)
rNeg     + . .     Faith    .   b - +0 robe
rPois    .         Spirit   .   (no helmet)
rElec    .         Reflect  .   p - +0 cloak
rCorr    .         Harm     .   (no gloves)
MR       +....                  (no boots)
Stlth    ++........             (no amulet)
HPRegen  0.15/turn              h - ring of protection from magic
MPRegen  0.09/turn              k - ring of positive energy

@: no status effects
A: no striking features
a: no special abilities


You were on level 2 of the Dungeon.
You were hungry.

You visited 1 branch of the dungeon, and saw 3 of its levels.

You collected 134 gold pieces.

Inventory:

Hand Weapons
 a - a +0 hand axe (weapon)
Missiles
 i - 5 atropa-tipped darts (quivered)
Armour
 b - a +0 robe (worn)
 p - a +0 cloak (worn)
 s - a +0 plate armour
Jewellery
 h - a ring of protection from magic (left hand)
 k - a ring of positive energy (right hand)
Scrolls
 d - 5 scrolls of identify {unknown}
 j - a scroll of enchant weapon {unknown}
 l - a scroll of teleportation {unknown}
 m - a scroll of magic mapping {unknown}
 n - a scroll of fog {unknown}
 o - a scroll of blinking {unknown}
Potions
 f - a potion of berserk rage {unknown}
 g - 2 potions of flight
Comestibles
 c - 5 rations


   Skills:
 - Level 3.6 Fighting
 + Level 7.4 Axes
 - Level 2.4 Dodging
 - Level 1.5 Stealth


You had 4 spell levels left.
You didn't know any spells.
Your spell library was empty.

Dungeon Overview and Level Annotations

Branches:
Dungeon (3/15)

Altars:
Dithmenos
Nemelex Xobeh
Uskayaw
Vehumet
Wu Jian


Message History

You barely miss the gnoll. The gnoll barely misses you.
You hit the gnoll.
The gnoll is lightly wounded.
The gnoll hits you with a +0 whip!
* * * LOW HITPOINT WARNING * * *
It was a potion of flight.
You feel very buoyant.
You fly up into the air.
The gnoll hits you with a +0 whip.
* * * LOW HITPOINT WARNING * * *
It was a potion of magic.
Magic courses through your body. The gnoll misses you.
It was a potion of brilliance.
You feel clever all of a sudden. The gnoll hits you but does no damage.
It was a potion of cancellation.
Your magical effects are unravelling.
You feel magically purged.
You float gracefully downwards.
You feel a little less clever now. The gnoll hits you with a +0 whip.
You die...

.# #######+#..##.....'.....#...#
.# #...........#.....#)....#....
.####...........#.....#...#.#.###
.'..'.........#.......#...#......
.####.........#.......#...#######
.# #.........#.......#..........
## #.........#.>.....#..........
#.........##.g....###.#######
#.........##@###### #.#
#.........##.# #.# #########.##.#
#.# #.##.########.###
#...............#
#.##.########.#.#
#.#...#######.#.#
###........รท....#
#..########.######


You could see a gnoll.

Vanquished Creatures
  A jelly (D:3)
  2 gnolls
  2 adders (D:2)
  An ooze (D:2)
  2 worms
  A leopard gecko (D:2)
  3 giant cockroaches
  7 goblins
  6 hobgoblins
  3 jackals (D:1)
  A quokka (D:2)
  5 bats
  3 frilled lizards
  5 kobolds
  2 rats (D:1)
44 creatures vanquished.

Notes
Turn   | Place    | Note
-------+----------+-------------------------------------------
     0 | D:1      | Delamore the Hill Orc Monk began the quest for the Orb.
     0 | D:1      | Reached XP level 1. HP: 19/19 MP: 1/1
   147 | D:1      | Reached XP level 2. HP: 25/26 MP: 2/2
   302 | D:1      | Reached skill level 5 in Axes
   506 | D:1      | HP: 1/26 [gnoll/+0 spear (8)]
   508 | D:1      | Reached XP level 3. HP: 2/31 MP: 3/3
  1322 | D:2      | Reached skill level 6 in Axes
  1843 | D:2      | Reached XP level 4. HP: 34/39 MP: 4/4
  1888 | D:2      | Found a sparkling altar of Nemelex Xobeh.
  1889 | D:2      | Found an ornate altar of the Wu Jian Council.
  2290 | D:2      | Found a radiant altar of Vehumet.
  2297 | D:2      | Found a hide-covered altar of Uskayaw.
  2431 | D:3      | Found a shadowy altar of Dithmenos.
  2678 | D:3      | Reached skill level 7 in Axes
  3008 | D:3      | Reached XP level 5. HP: 26/45 MP: 5/5
  3020 | D:2      | HP: 2/45 [gnoll/+0 whip (1)]
  3023 | D:2      | Slain by a gnoll

Levels and vault maps discovered:
D:1:      tarquinn_simple_flora_water_e, layout_loops_cross, st_stairs_13
D:2:      layout_basic, gammafunk_temple_overflow_statue,
          amethyst_overflow_temple_binary
D:3:      layout_loops_ring, grunt_dithmenos_smoke_and_mirrors

Skill      XL: |  1  2  3  4 |
---------------+-------------+-----
Axes           | 5 6 7 |  7.4
Fighting       | |  3.6
Dodging        | |  2.4
Stealth        | |  1.5

Action                   |  1- 3 |  4- 6 || total
-------------------------+-------+-------++-------
Melee: Hand axe          |   112 |    58 ||   170
Throw: Dart              |     1 |     1 ||     2
  Use: Potion            |       |     4 ||     4
 Stab: Sleeping          |     3 |     3 ||     6
  Eat: Chunk             |     3 |     3 ||     6
Armor: Robe              |     6 |     8 ||    14
Dodge: Dodged            |    78 |    29 ||   107
